AoeStats
← Erickinio

Black Forest

508562097Analyzed
4v4 RM · 9d ago on Sep 23, 2026· 42m 58s· 8 players
Game mode
Random Map
Map size
Large (8 player)
Population
200
Speed
Normal
Resources
Standard
Victory
Conquest
Starting age
Dark Age
Ending age
Imperial Age
RankedLock teamsTeams togetherTeam positionsShared explorationLock speedFull tech treeHidden civsTurbo modeCheats
Victory
Defeat
🇨🇳 Magyars · China
849
+15
🇺🇸 Portuguese · United States
844
+16
🇺🇸 Sicilians · United States
841
+16
🇦🇷 Celts · Argentina
839
+16
🇦🇷 Khmer · Argentina
962
-42
🇦🇺 Cumans · Australia
903
-18
🇧🇷 Danes · Brazil
788
-14
🇦🇷 Lithuanians · Argentina
689
-10
Jimmz
5:58 Loom
11:56 Feudal Age
15:43 Forging
15:30 Double-Bit Axe
22:23 Scale Barding Armor
22:20 Scale Mail Armor
30:15 Castle Age
28:05 Horse Collar
28:57 Padded Archer Armor
30:33 Elite Skirmisher
33:34 Leather Archer Armor
33:10 Fletching
33:35 Gold Mining
36:18 Stone Mining
38:01 Bow Saw
38:21 Bodkin Arrow
42:31 Wheelbarrow
Chuckles19861
0:26 Loom
14:29 Feudal Age
19:31 Castle Age
17:36 Horse Collar
18:03 Double-Bit Axe
19:21 Stone Mining
19:22 Gold Mining
21:31 Heavy Plow
22:23 Bow Saw
23:17 Wheelbarrow
24:42 Hand Cart
27:07 Caravan
28:33 Stone Shaft Mining
33:17 Imperial Age
35:47 Chemistry
34:57 Elite Organ Gun
36:58 Two-Man Saw
36:31 Crop Rotation
36:45 Conscription
35:52 Pikeman
39:14 Arquebus
SCON
11:33 Feudal Age
16:34 Castle Age
15:04 Double-Bit Axe
21:49 Wheelbarrow
22:50 Horse Collar
24:51 Heavy Plow
25:05 Bow Saw
31:08 Imperial Age
29:22 Thumb Ring
29:11 Fletching
29:22 Padded Archer Armor
29:30 Scale Barding Armor
29:47 Ballistics
29:56 Bloodlines
29:47 Husbandry
29:08 Light Cavalry
30:20 Gold Mining
30:41 Stone Mining
32:24 Parthian Tactics
32:18 Bodkin Arrow
32:39 Leather Archer Armor
32:07 Heavy Cavalry Archer
36:13 Chemistry
35:16 Bracer
35:47 Ring Archer Armor
35:37 Chain Barding Armor
35:28 Loom
36:00 Hand Cart
36:22 Ring Archer Armor
36:54 Gold Shaft Mining
36:52 Crop Rotation
36:40 Hussar
38:59 Plate Barding Armor
38:52 Recurve Bow
41:50 Conscription
Erickinio
10:41 Loom
14:15 Feudal Age
15:06 Double-Bit Axe
14:51 Man-at-Arms
17:07 Arson
24:05 Castle Age
22:07 Gold Mining
22:08 Stone Mining
25:33 Wheelbarrow
25:19 Long Swordsman
25:45 Gambesons
30:43 Stronghold
33:49 Masonry
34:03 Bow Saw
35:52 Pikeman
36:30 Horse Collar
37:17 Ballistics
38:33 Stone Shaft Mining
42:03 Imperial Age
39:36 Gambesons
40:03 Forging
39:53 Scale Mail Armor
39:45 Fletching
40:18 Caravan
41:37 Gold Shaft Mining
41:33 Hand Cart
42:15 Iron Casting
43:32 Chain Mail Armor
43:13 Bodkin Arrow
43:18 Padded Archer Armor
Rubenius
0:45 Loom
13:18 Feudal Age
14:57 Town Watch
15:30 Double-Bit Axe
16:48 Stone Mining
23:40 Castle Age
21:48 Fletching
24:38 Forging
25:06 Bodkin Arrow
32:28 Town Patrol
35:26 Ballistics
39:32 Wheelbarrow
41:53 Imperial Age
41:17 Hamask
WildCashew8600
9:44 Feudal Age
15:22 Horse Collar
18:17 Castle Age
16:56 Wheelbarrow
21:37 Double-Bit Axe
24:32 Heavy Plow
25:21 Bow Saw
25:19 Gold Mining
25:32 Stone Mining
28:26 Hand Cart
30:20 Stone Shaft Mining
30:23 Gold Shaft Mining
36:24 Husbandry
36:35 Bloodlines
36:58 Light Cavalry
40:19 Imperial Age
40:36 Pikeman
Konig
6:01 Loom
12:44 Feudal Age
18:37 Castle Age
17:15 Horse Collar
17:24 Double-Bit Axe
22:36 Fletching
22:51 Scale Barding Armor
22:48 Padded Archer Armor
23:04 Bow Saw
25:02 Leather Archer Armor
25:33 Town Watch
27:08 Ballistics
27:39 Bodkin Arrow
29:12 Chain Barding Armor
35:25 Imperial Age
35:57 Caravan
36:55 Wheelbarrow
37:28 Conscription
37:12 Steppe Husbandry
38:13 Heavy Plow
38:57 Bloodlines
39:02 Forging
39:08 Elite Steppe Lancer
40:01 Murder Holes
41:25 Hand Cart
42:17 Iron Casting
44:17 Blast Furnace
43:53 Plate Barding Armor
Elpataflaka1872
11:44 Feudal Age
12:46 Loom
17:33 Castle Age
16:59 Stone Mining
19:54 Double-Bit Axe
24:16 Bow Saw
25:51 Wheelbarrow
27:04 Horse Collar
28:35 Heavy Plow
30:05 Stone Shaft Mining
33:08 Gold Mining
36:21 Town Watch
37:41 Hand Cart
40:00 Town Patrol
43:28 Imperial Age
42:31 Scale Barding Armor
42:37 Forging
42:19 Fletching
Connection lost

Rejoining the realm…

Still unreachable

The connection could not be restored.

Session expired

The server has moved on; the page needs a fresh start.